cohdb
Replays
Latest Replays
All Replays
Popular Replays
Top Player Replays
Match Explorer
How It Works
Community
CoH3 Stats
Reddit
Sign in to upload your games and track your stats! →
Sign in with Steam
Match 41542288
Unlisted
Match 41542288
Overview
Messages
Build Orders
End
Engineer Squad
Construct Weapon Support Center
Selects Special Operations Battlegroup
Selects M29 Weasel Recon Vehicle
M29 Weasel Recon Vehicle
Construct Weapon Support Center
M1919 Machine Gun Team
M1919 Machine Gun Team
Bazooka Squad
Air Support Center
Selects Raiding Flares
P-47 Strafing Run
Construct Medical Station
M3 Armored Personnel Carrier
Selects SSF Commando Squad
SSF Commando Squad
P-47 Dive Bomb
SSF Commando Squad
Be Frabjous
water
Ganya
Lapis Rose
打飞医保卡
76561198215663291
Swat5.1
IJustDontCare
0
0
Comments
sign in to comment!
No comments posted yet!